 Dungeon Sprint DCSS version 0.27.1 (webtiles) character file.

Game seed: 15866109135676413062

1783 styxcanada the Unseen (level 8, -8/44 HPs)
             Began as a Spriggan Brigand on Aug 30, 2021.
             Was an Initiate of Gozag.
             Killed from afar by a burning bush (10 damage)
             ... with a puff of flame
             ... in the Dungeon (Sprint IV: "Fedhas' Mad Dash").
             The game lasted 00:07:08 (1582 turns).

styxcanada the Unseen (Spriggan Brigand)            Turns: 1582, Time: 00:07:09

Health: -8/44      AC:  3    Str:  7    XL:     8   Next: 81%
Magic:  20/20      EV: 23    Int: 17    God:    Gozag
Gold:   934        SH:  5    Dex: 19    Spells: 17/22 levels left

rFire    . . .     SeeInvis +   n - +2 short sword (speed)
rCold    . . .     Faith    .   (shield restricted)
rNeg     . . .     Spirit   .   b - +0 robe
rPois    .         Reflect  +   (helmet restricted)
rElec    .         Harm     +   c - +0 cloak
rCorr    .         Rampage  +   (gloves unavailable)
Will     +....     NoTele   +   (boots unavailable)
Stlth    +++++++...             p - amulet of Tionamn Yzut {Reflect Contam Harm Rampage Int+5 SH+5}
HPRegen  0.14/turn              (no ring)
MPRegen  0.17/turn              (no ring)

@: very quick
A: very small, no large weapons, unfitting armour, see invisible, speed 3
a: Renounce Religion, Potion Petition, Call Merchant, Bribe Branch


You were in the Dungeon.
You worshipped Gozag.
Gozag was pleased with you.
You visited 1 branch You collected 1096 gold pieces.
You spent 162 gold pieces at shops.

Inventory:

Hand Weapons
 a - a +2 dagger
 n - a +2 short sword of speed (weapon)
Missiles
 d - 7 poisoned darts
 e - 2 curare-tipped darts (quivered)
 g - 19 sling bullets
Armour
 b - a +0 robe (worn)
 c - a +0 cloak (worn)
Jewellery
 l - the amulet of invisibility {+Inv}
   (You found it in the Dungeon)

   [amulet of nothing]

   +Inv:      It lets you turn invisible.
 p - the amulet of Tionamn Yzut (around neck) {Reflect Contam Harm Rampage Int+5 SH+5}
   (You found it in the Dungeon)

   [amulet of reflection]

   It reflects blocked missile attacks.
   Int:       It affects your intelligence (+5).
   Contam:    It causes magical contamination when unequipped.
   SH:        It affects your SH (+5).
   Harm:      It increases damage dealt and taken.
   Rampage:   It bestows one free step when moving towards enemies.
Scrolls
 k - a scroll of blinking
 s - a scroll of enchant armour
Potions
 f - a potion of curing
 h - a potion of haste
 i - 2 potions of magic
 j - a potion of berserk rage
 q - a potion of might


   Skills:
 * Level 5.4 Fighting
 + Level 6.1 Short Blades
 + Level 4.4 Throwing
 * Level 8.6 Dodging
 * Level 19.4 Stealth
 * Level 7.6 Spellcasting
 * Level 6.4 Hexes
 + Level 5.7 Evocations


You had 17 spell levels left.
You knew the following spells:

 Your Spells              Type           Power      Damage    Failure   Level
a - Slow                  Hex            28%        N/A       1%          2
b - Confusing Touch       Hex            28%        N/A       2%          3

Your spell library contained the following spells:

 Spells                   Type           Power      Damage    Failure   Level
 Yara's Violent Unravell  Hex/Tmut       8%         3d5       63%         5


Dungeon Overview and Level Annotations

Branches:
Dungeon (1/1)

Altars:
Cheibriados
Dithmenos
Elyvilon
Gozag
Hepliaklqana
Kikubaaqudgha
Makhleb
Nemelex Xobeh
Okawaru
Qazlal
Ru
Sif Muna
Trog
Uskayaw
Vehumet
Wu Jian
Xom
Yredelemnul
Zin
The Shining One
Beogh
Jiyva
Lugonu

Shops:
D :=**


Innate Abilities, Weirdness & Mutations

You are very small and have problems with some larger weapons.
You are too small for most types of armour.
You have supernaturally acute eyesight. (SInv)
You cover ground extremely quickly. (Speed+++)


Message History

The burning bush is severely damaged.
You hit the burning bush but do no damage.
The burning bush is severely damaged.
You hit the burning bush but do no damage.
The burning bush is severely damaged.
You hit the burning bush but do no damage.
The burning bush is severely damaged.
You hit the burning bush but do no damage.
The burning bush is severely damaged.
You hit the burning bush but do no damage.
The burning bush is severely damaged.
The burning bush throws fire at you. The puff of flame hits you!
You hit the burning bush.
The burning bush is almost destroyed.
You hit the burning bush.
The burning bush is almost destroyed.
The burning bush throws fire at you. The puff of flame hits you.
You hit the burning bush but do no damage.
The burning bush is almost destroyed.
You hit the burning bush but do no damage.
The burning bush is almost destroyed.
You hit the burning bush but do no damage.
The burning bush is almost destroyed.
You hit the burning bush.
The burning bush is almost destroyed.
You hit the burning bush but do no damage.
The burning bush is almost destroyed.
The burning bush throws fire at you. The puff of flame hits you!
* * * LOW HITPOINT WARNING * * *
You hit the burning bush.
The burning bush is almost destroyed.
You hit the burning bush but do no damage.
The burning bush is almost destroyed.
The burning bush throws fire at you. The puff of flame hits you!
You die...
Your body crumbles into a pile of gold.

#<.)P#....÷#.....#.)._
#PP..'.....'.#[..'.._.
#PPPP#...÷.#.#...#..._
###############'##.._.
#...♣........'...#._._
#......♣.....#...#####
#.....♣..♣..######
##'####'#####
#..#$@$$+ #.[#P"###
#######


You could see a burning bush.

Vanquished Creatures
  An oklob plant (D)
  A burning bush (D)
  A queen bee (D)
  2 wandering mushrooms (D)
  3 scorpions (D)
  4 killer bees (D)
  4 oklob saplings (D)
  2 spriggans (D)
  A river rat (D)
  A rat (D)
20 creatures vanquished.

Notes
Turn   | Place    | Note
-------+----------+-------------------------------------------
     0 | D        | styxcanada the Spriggan Brigand began the quest for the
                  | Orb.
     0 | D        | Reached XP level 1. HP: 10/10 MP: 2/2
     9 | D        | Reached skill level 7 in Stealth
     9 | D        | Reached XP level 2. HP: 15/15 MP: 3/3
    11 | D        | Reached skill level 8 in Stealth
    17 | D        | Noticed an oklob sapling
    19 | D        | Killed an oklob sapling
    20 | D        | Reached skill level 9 in Stealth
    20 | D        | Reached skill level 1 in Spellcasting
    20 | D        | Reached XP level 3. HP: 18/18 MP: 3/6
    24 | D        | Learned a level 2 spell: Slow
    24 | D        | Noticed a scorpion
    24 | D        | Found the amulet of invisibility {+Inv}
    26 | D        | Killed a scorpion
    27 | D        | Reached skill level 12 in Stealth
    27 | D        | Reached XP level 4. HP: 23/23 MP: 3/8
    77 | D        | Found an opulent altar of Gozag.
    77 | D        | Found a hazy altar of Hepliaklqana.
    77 | D        | Found a burning altar of Makhleb.
    77 | D        | Found a sparkling altar of Nemelex Xobeh.
    77 | D        | Found a snail-covered altar of Cheibriados.
    77 | D        | Found a sacrificial altar of Ru.
    77 | D        | Found a shimmering blue altar of Sif Muna.
    77 | D        | Found a shimmering altar of Xom.
    77 | D        | Found a basalt altar of Yredelemnul.
    78 | D        | Found a viscous altar of Jiyva.
    78 | D        | Found a bloodstained altar of Trog.
    78 | D        | Found an ornate altar of the Wu Jian Council.
    79 | D        | Found an iron altar of Okawaru.
    79 | D        | Found a shadowy altar of Dithmenos.
    79 | D        | Found a glowing silver altar of Zin.
    80 | D        | Found an ancient bone altar of Kikubaaqudgha.
    80 | D        | Found a hide-covered altar of Uskayaw.
    81 | D        | Found a stormy altar of Qazlal.
    81 | D        | Found a white marble altar of Elyvilon.
    81 | D        | Found a glowing golden altar of the Shining One.
    82 | D        | Became a worshipper of Gozag Ym Sagoz the Greedy
    83 | D        | Found a corrupted altar of Lugonu.
    83 | D        | Found a radiant altar of Vehumet.
    87 | D        | Reached skill level 13 in Stealth
    87 | D        | Reached XP level 5. HP: 28/28 MP: 6/10
    99 | D        | Reached skill level 14 in Stealth
   133 | D        | Learned a level 3 spell: Confusing Touch
   173 | D        | Reached skill level 5 in Dodging
   173 | D        | Reached skill level 15 in Stealth
   173 | D        | Reached skill level 1 in Hexes
   173 | D        | Reached skill level 1 in Evocations
   180 | D        | Reached XP level 6. HP: 5/32 MP: 11/13
   512 | D        | Found Uhyehere's Jewellery Shop.
   512 | D        | Found Giptaqaz's Book Emporium.
   658 | D        | Noticed a burning bush
   658 | D        | Noticed a wandering mushroom
   659 | D        | Noticed a wandering mushroom
   663 | D        | Killed a wandering mushroom
   664 | D        | Reached skill level 16 in Stealth
   664 | D        | Reached skill level 5 in Spellcasting
   664 | D        | Killed a wandering mushroom
   665 | D        | Reached skill level 17 in Stealth
   665 | D        | Reached XP level 7. HP: 37/37 MP: 11/16
   715 | D        | Killed a burning bush
   716 | D        | Reached skill level 18 in Stealth
   716 | D        | Reached skill level 5 in Hexes
   837 | D        | Found Ysmurph's General Store.
   838 | D        | Found Nolast's General Store.
   841 | D        | Identified the amulet of Tionamn Yzut {Reflect Contam Harm
                  | Rampage Int+5 SH+5}
   844 | D        | Bought a potion of might for 48 gold pieces
   846 | D        | Bought a scroll of identify for 24 gold pieces
   846 | D        | Bought a scroll of enchant armour for 90 gold pieces
   986 | D        | Reached XP level 8. HP: 42/42 MP: 15/18
   992 | D        | Noticed a queen bee
  1004 | D        | Reached skill level 5 in Short Blades
  1014 | D        | Killed a queen bee
  1015 | D        | Reached skill level 5 in Fighting
  1015 | D        | Reached skill level 5 in Evocations
  1239 | D        | Noticed an oklob plant
  1242 | D        | Killed an oklob plant
  1243 | D        | Reached skill level 19 in Stealth
  1254 | D        | Noticed a burning bush
  1580 | D        | HP: 2/44 [burning bush/puff of flame (20)]
  1582 | D        | Killed from afar by a burning bush

Illustrated notes

Levels and vault maps discovered:
D:        dungeon_sprint_fedhas [sprint_temple]

Skill      XL: |  1  2  3  4  5  6  7  8 |
---------------+-------------------------+-----
Dodging        | 2 3 4 5 7 8 |  8.6
Stealth        | 7 9 12 13 15 17 18 19 | 19.4
Fighting       | 2 3 4 5 |  5.4
Spellcasting   | 1 2 3 4 5 6 7 |  7.6
Short Blades   | 3 4 6 |  6.1
Throwing       | 3 4 |  4.4
Hexes          | 2 4 5 6 |  6.4
Evocations     | 1 3 4 5 |  5.7

Action                   |  1- 3 |  4- 6 |  7- 9 || total
-------------------------+-------+-------+-------++-------
Melee: Dagger            |     4 |     2 |       ||     6
       Short sword       |       |     4 |   105 ||   109
Throw: Dart              |       |    10 |       ||    10
 Abil: Evoke Invisibilit |       |     4 |     2 ||     6
  Use: Scroll            |       |       |     2 ||     2
       Potion            |       |       |     1 ||     1
 Stab: Sleeping          |     4 |     4 |     3 ||    11
       Invisible         |       |       |     6 ||     6
       Distracted        |       |       |     1 ||     1
Dodge: Dodged            |       |     8 |    15 ||    23
